 Dungeon Crawl Stone Soup version 0.25.1-2-g60ff931df9 (webtiles) character file.

Game seed: 11179318099462802707

1079 hehateme the Chopper (level 8, -6/69 HPs)
             Began as a Pale Draconian Berserker on Nov 11, 2020.
             Was a Believer of Trog.
             Mangled by Duvessa
             ... wielding a +0 rapier
              (9 damage)
             ... on level 5 of the Dungeon.
             The game lasted 00:13:05 (5541 turns).

hehateme the Chopper (Pale Draconian Berserker)     Turns: 5541, Time: 00:13:06

Health: -6/69      AC:  6    Str: 22    XL:     8   Next: 8%
Magic:  8/8        EV: 14    Int:  8    God:    Trog [**....]
Gold:   176        SH:  0    Dex: 10    Spells: 7/7 levels left

rFire    . . .     SeeInvis .   u - +0 war axe
rCold    . . .     Gourm    .   (no shield)
rNeg     . . .     Faith    .   (armour unavailable)
rPois    .         Spirit   .   (helmet restricted)
rElec    .         Reflect  .   (no cloak)
rCorr    .         Harm     .   (no gloves)
MR       ++...                  (no boots)
Stlth    ++........             (no amulet)
HPRegen  1.21/turn              (no ring)
MPRegen  0.11/turn              (no ring)

@: berserk cooldown, regenerating, slowed, very slow
A: breathe steam, unfitting armour, cold-blooded, AC +6
a: Breathe Steam, Berserk, Trog's Hand, Renounce Religion


You were on level 5 of the Dungeon.
You worshipped Trog.
Trog was pleased with you.
You were not hungry.

You visited 1 branch of the dungeon, and saw 5 of its levels.

You collected 176 gold pieces.

Inventory:

Hand Weapons
 a - a +1 hand axe
 u - a +0 war axe (weapon)
Jewellery
 l - a cursed +6 ring of dexterity {unknown}
 r - a +4 ring of evasion {unknown}
Wands
 p - a wand of random effects (15)
Scrolls
 c - a scroll of fog {unknown}
 e - 4 scrolls of teleportation
 f - 2 scrolls of remove curse {unknown}
 i - 2 scrolls of magic mapping
 j - a scroll of enchant weapon
 n - a scroll of blinking
 o - a scroll of identify {unknown}
 q - a scroll of random uselessness {unknown}
 t - a scroll of amnesia {unknown}
Potions
 d - 4 potions of might {unknown}
 g - a potion of ambrosia {unknown}
 h - 5 potions of curing {unknown}
 k - 2 potions of magic {unknown}
 m - 2 potions of flight {unknown}
 s - a potion of brilliance {unknown}
Comestibles
 b - 6 rations


   Skills:
 + Level 5.5 Fighting
 + Level 7.0 Axes
 + Level 4.9 Dodging
 + Level 3.2 Stealth


You had 7 spell levels left.
You didn't know any spells.
Your spell library was empty.

Dungeon Overview and Level Annotations

Branches:
Dungeon (5/15)             Temple (0/1) D:4

Altars:
Nemelex Xobeh
Trog

Annotations:
D:4 2 runed translucent doors, KittyFluff's ghost, amateur DsBe
D:5 Duvessa


Innate Abilities, Weirdness & Mutations

You can breathe blasts of scalding, opaque steam.
Your pale cyan-grey scales are hard. (AC +6)
You cannot fit into any form of body armour.
You are cold-blooded and may be slowed by cold attacks.


Message History

You hit Duvessa.
Duvessa is lightly wounded.
Duvessa hits you with a +0 rapier! x2
You barely miss Duvessa. You tail-slap Duvessa.
Duvessa is lightly wounded.
Duvessa barely misses you. x2
You hit Duvessa but do no damage.
Duvessa is lightly wounded.
Duvessa hits you with a +0 rapier! x2
* * * LOW HITPOINT WARNING * * *
Duvessa closely misses you.
You slash Duvessa! You tail-slap Duvessa.
Duvessa is moderately wounded.
Duvessa barely misses you. Duvessa hits you with a +0 rapier!
* * * LOW HITPOINT WARNING * * *
Unknown command.
Your skin crawls.
You feel resistant to hostile enchantments.
You feel quite a bit more hungry. Duvessa hits you with a +0 rapier!
You die...

... #(# #.# ###.####
##......# #.....#.#
#..#..#.# ##).#..#.#
#.#@...#.# ##.###e#.#.#
##.####.## ##..#.#
........<###.....'.....e
##.######.#......#p....Z
##.#.######..... #.###
#.... #)# #... #.# #+#


You could see Duvessa (berserk).

Vanquished Creatures
  Pikel (D:5)
  Grinder (D:3)
  A slave (D:5)
  An ogre (D:4)
  A bullfrog (D:4)
  Dowan (D:5)
  A hound (D:4)
  2 orc wizards (D:4)
  A worker ant (D:4)
  Natasha (thrice) (D:2)
  4 adders
  2 worms (D:2)
  A dart slug (D:3)
  3 leopard geckos
  6 orcs
  A ball python (D:2)
  4 giant cockroaches
  3 goblins
  A hobgoblin (D:1)
  3 jackals (D:4)
  3 quokkas
  A bat (D:3)
  2 frilled lizards
  8 kobolds
  A leopard gecko skeleton (D:4)
  5 rats
61 creatures vanquished.

Vanquished Creatures (others)
  A slave (D:5)
  A worker ant zombie (D:5)
2 creatures vanquished.

Grand Total: 63 creatures vanquished

Notes
Turn   | Place    | Note
-------+----------+-------------------------------------------
     0 | D:1      | hehateme the Draconian Berserker began the quest for the
                  | Orb.
     0 | D:1      | Reached XP level 1. HP: 19/19 MP: 1/1
   376 | D:1      | Reached XP level 2. HP: 26/26 MP: 2/2
  1284 | D:2      | Noticed Natasha
  1292 | D:2      | Killed Natasha
  1292 | D:2      | Reached XP level 3. HP: 33/33 MP: 3/3
  1344 | D:2      | Noticed Natasha
  1351 | D:2      | Killed Natasha
  1351 | D:2      | Reached XP level 4. HP: 39/40 MP: 4/4
  1650 | D:2      | Found a bloodstained altar of Trog.
  1672 | D:2      | Reached ** piety under Trog
  1901 | D:2      | Noticed Natasha
  1912 | D:2      | Killed Natasha
  1912 | D:2      | Reached skill level 4 in Axes
  3284 | D:3      | Reached XP level 5. HP: 44/46 MP: 5/5
  3630 | D:3      | Noticed Grinder
  3645 | D:3      | Killed Grinder
  3645 | D:3      | Reached skill level 5 in Axes
  3645 | D:3      | Reached skill level 1 in Stealth
  3645 | D:3      | Reached XP level 6. HP: 53/53 MP: 6/6
  3839 | D:4      | Found a staircase to the Ecumenical Temple.
  3909 | D:4      | Found a sparkling altar of Nemelex Xobeh.
  3969 | D:4      | Found a large runed translucent door.
  3969 | D:4      | Found a large runed translucent door.
  3970 | D:4      | Noticed KittyFluff's ghost (amateur DsBe)
  4330 | D:4      | Your scales start taking on a pale cyan-grey colour.
  4330 | D:4      | Reached XP level 7. HP: 42/60 MP: 7/7
  4834 | D:4      | Reached skill level 6 in Axes
  5348 | D:5      | Entered Level 5 of the Dungeon
  5349 | D:5      | Noticed Pikel
  5364 | D:5      | Killed Pikel
  5364 | D:5      | Reached skill level 5 in Fighting
  5364 | D:5      | Reached XP level 8. HP: 69/69 MP: 8/8
  5405 | D:5      | Noticed Dowan
  5420 | D:5      | Reached skill level 7 in Axes
  5520 | D:5      | Killed Dowan
  5524 | D:5      | Noticed Duvessa
  5540 | D:5      | HP: 1/69 [Duvessa/+0 rapier (8)]
  5541 | D:5      | Mangled by Duvessa

Illustrated notes

Levels and vault maps discovered:
D:1:      dpeg_arrival_rhombi, layout_basic
D:2:      layout_basic, trog_butcher_becter, uniq_natasha
D:3:      layout_basic, uniq_grinder
D:4:      layout_basic, kennysheep_little_box, minmay_temple_entry_statues,
          ebering_ghost_disaster_area, first_ration, st_stairs_10
D:5:      layout_loops_corners, wad_floor_pattern_untrapped,
          minmay_misc_feat_room, uniq_pikel, uniq_duvessa, uniq_eustachio,
          uniq_blork_the_orc

Skill      XL: |  1  2  3  4  5  6  7  8 |
---------------+-------------------------+-----
Dodging        | 3 4 |  4.9
Fighting       | 4 5 |  5.5
Axes           | 4 5 6 7 |  7.0
Stealth        | 1 2 3 |  3.2

Action                   |  1- 3 |  4- 6 |  7- 9 || total
-------------------------+-------+-------+-------++-------
Melee: Hand axe          |    69 |   121 |    15 ||   205
       Tailslap          |     6 |    11 |     5 ||    22
       War axe           |       |       |    12 ||    12
Invok: Berserk           |     2 |     4 |     3 ||     9
       Trog's Hand       |       |     2 |     3 ||     5
 Abil: Breathe Steam     |       |       |     5 ||     5
  Use: Scroll            |     2 |     3 |       ||     5
 Stab: Sleeping          |       |     1 |       ||     1
  Eat: Chunk             |     1 |     8 |     6 ||    15
       Ration            |       |     2 |     1 ||     3
Armor: Skin              |    23 |    26 |     9 ||    58
Dodge: Dodged            |    48 |   108 |    29 ||   185
